 Dungeon Crawl Stone Soup version 0.29.1-1-gd02db6906a (webtiles) character file.

Game seed: 14644028951596311837

4059 fireball365 the Protected (level 10, -6/84 (88) HPs)
             Began as a Minotaur Fighter on Oct 17, 2022.
             Was an Initiate of Gozag.
             Engulfed by a cloud of flame (11 damage)
             ... on level 8 of the Dungeon.
             The game lasted 00:27:55 (8036 turns).

fireball365 the Protected (Minotaur Fighter)        Turns: 8036, Time: 00:27:57

HP:   -6/84 (88)    AC: 13    Str: 26    XL:     10   Next: 4%
MP:   9/9           EV:  9    Int:  7    God:    Gozag
Gold: 329           SH:  5    Dex: 13    Spells: 9/9 levels left

rFire   . . .      SeeInvis .   I - +0 morningstar
rCold   . . .      Faith    .   c - +0 buckler
rNeg    . . .      Spirit   .   G - +0 chain mail
rPois   .          Reflect  .   (helmet restricted)
rElec   .          Harm     .   (no cloak)
rCorr   .          Rampage  .   B - +0 pair of gloves
Will    .....                   (no boots)
Stlth   ..........              (no amulet)
HPRegen 0.24/turn               s - +6 ring of strength
MPRegen 0.11/turn               (no ring)

@: gold aura, studying Necromancy, lightly drained
A: horns 2, retaliatory headbutt
a: Renounce Religion, Potion Petition, Call Merchant, Bribe Branch


You were on level 8 of the Dungeon.
You worshipped Gozag.
Gozag was aware of your devotion.
You visited 2 branches of the dungeon, and saw 9 of its levels.

You collected 547 gold pieces.
You spent 99 gold pieces at shops.
You paid 119 gold pieces to Gozag.

Inventory:

Hand Weapons
 a - a +0 war axe
 m - a +2 hand axe of venom
 I - a +0 morningstar (weapon)
 L - a +2 mace
 M - a +1 hand axe of venom
 P - a +0 halberd
 T - a +3 halberd
Missiles
 g - 51 stones (quivered)
 K - 4 poisoned darts
Armour
 b - a +0 scale mail
 c - a +0 buckler (worn)
 B - a +0 pair of gloves (worn)
 C - a +1 helmet
 F - a +2 scale mail of poison resistance
 G - a +0 chain mail (worn)
Magical Staves
 D - a staff of earth
Jewellery
 s - a +6 ring of strength (left hand)
Wands
 E - a wand of roots (8)
 H - a wand of paralysis (4)
 S - a wand of polymorph (9)
Scrolls
 i - a scroll of torment
 k - 8 scrolls of identify
 n - 2 scrolls of fog {unknown}
 o - 4 scrolls of amnesia
 p - 3 scrolls of fear
 q - a scroll of enchant weapon {unknown}
 v - 3 scrolls of teleportation
 w - a scroll of blinking
 y - 3 scrolls of immolation
 J - a scroll of summoning {unknown}
 N - a scroll of magic mapping {unknown}
 O - a scroll of brand weapon {unknown}
 Q - a scroll of poison {unknown}
 R - a scroll of enchant armour {unknown}
Potions
 d - a potion of might
 e - a potion of resistance {unknown}
 f - a potion of degeneration {unknown}
 h - 2 potions of mutation {unknown}
 j - a potion of ambrosia {unknown}
 l - 2 potions of heal wounds
 r - 4 potions of attraction {unknown}
 t - a potion of haste {unknown}
 u - a potion of magic {unknown}
 x - 4 potions of curing
 z - 3 potions of flight {unknown}
 A - a potion of berserk rage {unknown}


   Skills:
 + Level 7.8 Fighting
 + Level 7.6(9.3) Axes
 + Level 8.3(9.6) Maces & Flails
 + Level 0.2 Throwing
 + Level 9.9 Armour
 + Level 3.2 Dodging
 + Level 1.1 Stealth
 + Level 6.5 Shields


You had 9 spell levels left.
You didn't know any spells.
Your spell library contained the following spells:

 Spells                   Type           Power      Damage    Failure   Level
 Conjure Ball Lightning   Conj/Air       0%         3x3d6     100%        6
 Discord                  Hex            0%         N/A       100%        8
 Disjunction              Tloc           0%         N/A       100%        8


Dungeon Overview and Level Annotations

Branches:
Dungeon (8/15)             Temple (1/1) D:7
   Lair: D:8-11

Altars:
Ashenzari
Cheibriados
Dithmenos
Elyvilon
Gozag
Kikubaaqudgha
Makhleb
Okawaru
Wu Jian
Xom
Yredelemnul

Shops:
D:5 !*


Innate Abilities, Weirdness & Mutations

You have a pair of horns on your head.
You reflexively headbutt those who attack you in melee.


Message History

You miss something. Something hits you but does no damage.
You closely miss something. You headbutt something!
Something hits you but does no damage.
The orc priest looks braver for a moment.
You miss something. Your headbutt misses something.
Something hits you but does no damage.
You barely miss something. Your headbutt misses something. Something hits you.
You puncture something!
Reactivating autopickup.
You feel a bit more experienced.
You hit the orc. Your headbutt misses the orc.
The orc is heavily wounded.
The orc hits you but does no damage.
You sock the orc!
You kill the orc!
The wight hits you with a +2 flail.
You hit the orc but do no damage. The orc barely misses you.
You furiously retaliate!
You headbutt the orc. The wight hits you with a +2 flail.
You feel drained.
A wight comes into view. It is wielding a +3 scimitar.
The orc priest calls upon Beogh to heal the orc.
The orc's wounds heal themselves!
The orc hits you but does no damage. The wight hits you with a +2 flail!
You feel drained.
Read: 4 scrolls of immolation
Press: ? - help, Q - select action, (/) - cycle Dir - look around, f - activate Look: an orc, wielding a +0 club and wearing a +0 ring mail (susceptible)
As you read the scroll of immolation, it crumbles to dust.
The creatures around you are filled with an inner flame!
The orc hits you but does no damage.
A wight comes into view. It is wielding a +0 mace.
The wight hits you but does no damage.
You thump the orc!
The orc explodes!
The fiery explosion engulfs the orc priest!!
The fiery explosion engulfs you!!
* * * LOW HITPOINT WARNING * * *
The orc priest explodes!
You are engulfed in blazing flames.
You die...
Your body crumbles into a pile of gold.

#.o......#
#..####..##
..........#
#.o####...#
#.........#
#.....§§..#
######§§§.#
##§#......
#@#######
#z# #z# ...
.....
.......
......z..
+...≈≈≈≈≈..
$
#<..≈gg.≈.z#


You could see 3 wights.

Vanquished Creatures
  Pikel (D:6)
  2 steam dragons (D:7)
  The ghost of lonewolfV2 the Chopper, an amateur DsBe of Trog (D:3)
  2 water moccasins
  An orc warrior (D:8)
  2 sky beasts (D:6)
  3 ice beasts
  An ogre (D:5)
  2 black bears
  2 centaurs
  A gnoll sergeant (D:8)
  A scorpion (D:6)
  A necrophage (D:6)
  9 wights
  5 killer bees (D:7)
  A howler monkey (D:6)
  6 hounds
  3 jellies
  4 orc priests
  Jessica (D:2)
  8 iguanas
  8 orc wizards
  8 gnolls
  9 adders
  A white imp (D:5)
  2 ufetubi
  3 worms
  2 dart slugs
  30 orcs
  9 ball pythons
  7 bats
  5 endoplasms
  2 giant cockroaches
  5 goblins
  3 hobgoblins
  6 quokkas
  4 frilled lizards
  A kobold (D:4)
  2 rats (D:1)
164 creatures vanquished.

Notes
Turn   | Place    | Note
-------+----------+-------------------------------------------
     0 | D:1      | fireball365 the Minotaur Fighter began the quest for the
                  | Orb.
     0 | D:1      | Reached XP level 1. HP: 19/19 MP: 0/0
    55 | D:1      | Reached XP level 2. HP: 25/27 MP: 1/1
   386 | D:1      | Found a faded altar of an unknown god.
   410 | D:1      | Prayed at the altar of an unknown god.
   410 | D:1      | Became a worshipper of Elyvilon the Healer
   410 | D:1      | Reached * piety under Elyvilon
   785 | D:2      | You fall into a shaft and drop 2 floors!
   793 | D:4      | Reached XP level 3. HP: 33/33 MP: 2/2
   796 | D:4      | Reached skill level 4 in Armour
   896 | D:4      | Found a basalt altar of Yredelemnul.
   907 | D:4      | Reached XP level 4. HP: 26/40 MP: 3/3
  1318 | D:4      | Reached ** piety under Elyvilon
  1383 | D:4      | Reached XP level 5. HP: 36/47 MP: 4/4
  1676 | D:4      | Found a shadowy altar of Dithmenos.
  1923 | D:5      | Entered Level 5 of the Dungeon
  2502 | D:2      | Reached skill level 5 in Axes
  2517 | D:2      | Noticed Jessica
  2521 | D:2      | Killed Jessica
  2522 | D:2      | Reached skill level 5 in Armour
  2522 | D:2      | Reached XP level 6. HP: 33/53 MP: 5/5
  2817 | D:2      | Reached *** piety under Elyvilon
  2956 | D:3      | Found a runed translucent gate.
  2958 | D:3      | Found a runed translucent gate.
  2960 | D:3      | Found a runed translucent gate.
  2964 | D:3      | Noticed lonewolfV2's ghost (amateur DsBe)
  2984 | D:3      | Killed lonewolfV2's ghost
  2985 | D:3      | Reached skill level 1 in Dodging
  3145 | D:3      | Found an ornate altar of the Wu Jian Council.
  3418 | D:3      | Reached skill level 5 in Shields
  3585 | D:5      | Found Lykkaf's Assorted Antiques.
  3615 | D:5      | Noticed an ice beast
  3627 | D:5      | HP: 2/55 [ice beast (12)]
  3630 | D:5      | Killed an ice beast
  3631 | D:5      | Reached XP level 7. HP: 35/60 MP: 6/6
  3676 | D:5      | Reached skill level 5 in Fighting
  3676 | D:5      | Reached skill level 6 in Armour
  3921 | D:5      | HP: 3/61 [something (2)]
  4339 | D:5      | Found Myowk's Distillery.
  4580 | D:5      | Bought a potion of curing for 33 gold pieces
  4580 | D:5      | Bought a potion of curing for 33 gold pieces
  4580 | D:5      | Bought a potion of curing for 33 gold pieces
  4635 | D:5      | Found a snail-covered altar of Cheibriados.
  4704 | D:5      | Reached XP level 8. HP: 70/70 MP: 7/7
  4711 | D:5      | Reached **** piety under Elyvilon
  4753 | D:5      | Reached skill level 7 in Armour
  4753 | D:5      | Reached skill level 1 in Stealth
  5310 | D:6      | Reached skill level 1 in Maces & Flails
  5377 | D:6      | Noticed Pikel
  5393 | D:6      | Killed Pikel
  5703 | D:6      | Reached skill level 5 in Maces & Flails
  5703 | D:6      | Reached XP level 9. HP: 64/78 MP: 8/8
  5747 | D:6      | Reached skill level 8 in Armour
  6476 | D:7      | Found a staircase to the Ecumenical Temple.
  6627 | D:7      | Found an iron altar of Okawaru.
  7174 | Temple   | Entered the Ecumenical Temple
  7193 | Temple   | Fell from the grace of Elyvilon
  7193 | Temple   | Became a worshipper of Gozag Ym Sagoz the Greedy
  7257 | D:7      | Reached skill level 9 in Armour
  7407 | D:7      | Found a broken altar of Ashenzari.
  7938 | D:8      | Reached XP level 10. HP: 65/88 MP: 9/9
  8036 | D:8      | Engulfed by a cloud of flame

Illustrated notes

Levels and vault maps discovered:
D:1:      wander_arrival_chamber, layout_loops_ring,
          hellmonk_ecumenical_altar_crossroads
D:2:      minmay_diamond_boxcup, layout_loops_ring, kennysheep_jessica_study
D:3:      kennysheep_big_flooded_room, layout_rooms, nzn_wu_jian_council_hall,
          ebering_ghost_rock_garden, uniq_jessica
D:4:      layout_loops_ring, mainiacjoe_overflow_alcove_4,
          yredelemnul_altar_generic
D:5:      layout_gridville, cheibriados_altar_1, serial_shops,
          nicolae_shop_hallway_plus, nicolae_shop_overgrown_old_shop,
          minivault_1, ldierk_geyser
D:6:      layout_loops_ring, chequers_serial_rivers_micro_a, uniq_pikel
D:7:      layout_rooms, kennysheep_little_box, okawaru_trees_2,
          minmay_temple_entry_waves
D:8:      layout_loops_corners, enter_bailey_5, uniq_amaemon
Temple:   nicolae_temple_superstar

Skill      XL: |  1  2  3  4  5  6  7  8  9 |
---------------+----------------------------+-----
Fighting       | 4 5 6 7 |  7.8
Shields        | 4 5 6 |  6.5
Axes           | 3 4 5 6 7 |  7.6
Armour         | 4 5 6 7 9 |  9.9
Dodging        | 1 2 3 |  3.2
Stealth        | 1 |  1.1
Maces & Flails | 5 8 |  8.3
Throwing       | |  0.2

Action                   |  1- 3 |  4- 6 |  7- 9 | 10-12 || total
-------------------------+-------+-------+-------+-------++-------
Melee: War axe           |    72 |   123 |    70 |       ||   265
       Headbutt          |     4 |    17 |    38 |     7 ||    66
       Morningstar       |       |       |   175 |    29 ||   204
Throw: Stone             |       |       |     7 |       ||     7
  Use: Scroll            |       |     7 |     1 |     1 ||     9
       Potion            |       |     1 |     1 |       ||     2
Armor: Scale mail        |    41 |    71 |    37 |       ||   149
       Chain mail        |       |       |   165 |    15 ||   180
Dodge: Dodged            |    56 |    73 |   169 |     6 ||   304
Block: Buckler           |    35 |    41 |   107 |     6 ||   189
